 Dungeon Crawl Stone Soup version 0.28-a0-804-g60983d4ba9 (webtiles) character file.

Game seed: 16209801612675807791

284 polve the Skirmisher (level 6, -1/45 HPs)
             Began as a Demonspawn Gladiator on Nov 7, 2021.
             Was a Believer of Hepliaklqana.
             Slain by a water moccasin skeleton (3 damage)
             ... on level 4 of the Dungeon.
             The game lasted 00:03:16 (2873 turns).

polve the Skirmisher (Demonspawn Gladiator)         Turns: 2873, Time: 00:03:16

Health: -1/45      AC:  5    Str: 16    XL:     6   Next: 7%
Magic:  6/6        EV: 12    Int: 15    God:    Hepliaklqana [**....]
Gold:   115        SH:  0    Dex: 15    Spells: 5/5 levels left

rFire   . . .      SeeInvis .   q - +1 short sword (elec)
rCold   . . .      Faith    .   (no shield)
rNeg    . . .      Spirit   .   b - +0 leather armour
rPois   .          Reflect  .   c - +0 helmet
rElec   .          Harm     .   (no cloak)
rCorr   .          Rampage  .   f - +0 pair of gloves
Will    .....                   (no boots)
Stlth   +.........              (no amulet)
HPRegen 0.15/turn               m - +6 ring of intelligence
MPRegen 0.10/turn               (no ring)

@: no status effects
A: reduced essence, claws 2
a: Renounce Religion, Recall Ancestor, Ancestor Identity


You were on level 4 of the Dungeon.
You worshipped Hepliaklqana.
Hepliaklqana was pleased with you.
You visited 1 branch of the dungeon, and saw 4 of its levels.

You collected 115 gold pieces.

Inventory:

Hand Weapons
 q - a +1 short sword of electrocution (weapon)
Missiles
 d - 3 throwing nets (quivered)
Armour
 b - a +0 leather armour (worn)
 c - a +0 helmet (worn)
 f - a +0 pair of gloves (worn)
 t - a +0 crystal plate armour
Jewellery
 m - a +6 ring of intelligence (left hand)
 v - a ring of poison resistance
Scrolls
 a - a scroll of vulnerability {unknown}
 e - 5 scrolls of identify {unknown}
 i - a scroll of teleportation {unknown}
 j - 3 scrolls of amnesia {unknown}
 k - a scroll of fog {unknown}
 n - 2 scrolls of holy word {unknown}
 o - a scroll of noise {unknown}
 p - a scroll of magic mapping {unknown}
 u - a scroll of enchant armour {unknown}
Potions
 g - a potion of brilliance {unknown}
 h - a potion of flight {unknown}
 l - a potion of curing {unknown}
 r - a potion of resistance {unknown}
 s - a potion of degeneration {unknown}


   Skills:
 + Level 5.5 Fighting
 - Level 4.0 Short Blades
 - Level 1.7 Throwing
 - Level 2.6 Dodging


You had 5 spell levels left.
You didn't know any spells.
Your spell library was empty.

Dungeon Overview and Level Annotations

Branches:
Dungeon (4/15)
 Temple: D:4-7

Altars:
Hepliaklqana
Ru
Uskayaw
Wu Jian
Xom

Shops:
D:1 [   D:3 ?


Innate Abilities, Weirdness & Mutations

Your life essence is reduced to manifest your ancestor. (-10% HP)
You have very sharp fingernails.


Message History

A goblin comes into view. It is wielding a +0 club.
A goblin is nearby!
A goblin is nearby!
The goblin closely misses you.
You closely miss the goblin. The goblin closely misses you.
You hit the goblin. Lightning courses through the goblin!
You kill the goblin!
Key pressed, stopping explore.
Key pressed, stopping explore.
You now have 115 gold pieces (gained 14).
Things that are here:
a +0 club; a goblin corpse An ogre comes into view.
It is wielding a +0 giant club.
An ogre is nearby!
An ogre is nearby!
An ogre is nearby!
The ogre shouts!
A water moccasin skeleton comes into view.
The ogre closely misses you.
You hit the ogre. Lightning courses through the ogre!!
The ogre is severely wounded.
You hit the ogre.
The ogre is almost dead.
Cuetlachtli points at the ogre and mumbles some strange words.
The ogre resists with some effort.
The ogre hits you with a +0 giant club!!
You barely miss the ogre.
The ogre is almost dead.
The ogre hits you with a +0 giant club!
You hit the ogre.
The ogre is almost dead.
You barely miss the ogre.
The ogre is almost dead.
The ogre hits you with a +0 giant club!
* * * LOW HITPOINT WARNING * * *
The water moccasin skeleton closely misses you.
You hit the ogre.
You kill the ogre!
The water moccasin skeleton bites you.
You die...

.. ....# ...
.......###.#..##..
........#..... .. #.##
.............# .##....#
.............##.......
....... #...#...# .###
....... #..<).### ..8.8
#....Z###.......##.....
#...)@R........))..8.8
...#.#.#..#....)..)...##
###..#:......)..##
#..####.......##
#..#...........#
##..............#
..####.............###
.8#..##.............#
............8.8.8.8..#


You could see the friendly Cuetlachtli the hexer and a water moccasin skeleton.

Vanquished Creatures
  An ogre (D:4)
  2 jellies (D:3)
  An orc priest (D:4)
  Jessica (D:2)
  An orc wizard (D:3)
  A hound skeleton (D:4)
  A gnoll (D:3)
  2 adders (D:2)
  An adder skeleton (D:4)
  A worm (D:3)
  2 orcs (D:4)
  5 bats
  3 endoplasms
  3 giant cockroaches
  8 goblins
  4 hobgoblins
  An iguana (D:3)
  2 quokkas (D:2)
  3 ball pythons
  3 frilled lizards
  9 kobolds
  A rat (D:2)
56 creatures vanquished.

Vanquished Creatures (collateral kills)
  Terence (D:2)
  A worm (D:3)
  An orc (D:4)
  2 bats (D:3)
  A goblin (D:4)
  2 hobgoblins
  A quokka (D:3)
  A ball python (D:2)
  A kobold (D:1)
11 creatures vanquished.

Vanquished Creatures (others)
  2 fungi (D:1)
2 creatures vanquished.

Grand Total: 69 creatures vanquished

Notes
Turn   | Place    | Note
-------+----------+-------------------------------------------
     0 | D:1      | polve the Demonspawn Gladiator began the quest for the Orb.
     0 | D:1      | Reached XP level 1. HP: 16/16 MP: 1/1
    31 | D:1      | Found a faded altar of an unknown god.
    34 | D:1      | Prayed at the altar of an unknown god.
    34 | D:1      | Became a worshipper of Hepliaklqana the Forgotten
    34 | D:1      | Reached * piety under Hepliaklqana
   243 | D:1      | Found Usoprud's Armour Emporium.
   263 | D:1      | Gained mutation: You have sharp fingernails. [demonic
                  | ancestry]
   263 | D:1      | Reached XP level 2. HP: 18/19 MP: 2/2
   890 | D:2      | Noticed Jessica
   896 | D:2      | Killed Jessica
   897 | D:2      | Reached XP level 3. HP: 14/25 MP: 3/3
  1108 | D:2      | Reached ** piety under Hepliaklqana
  1109 | D:2      | Remembered your ancestor Cuetlachtli as a hexer
  1234 | D:2      | Reached XP level 4. HP: 26/30 MP: 4/4
  1303 | D:2      | Reached skill level 3 in Fighting
  1451 | D:2      | Noticed Terence
  1458 | D:2      | Killed Terence
  1622 | D:3      | Found Vuff's Magic Scroll Emporium.
  1643 | D:3      | Identified the +6 scimitar of Capital Punishment {holy,
                  | *Slow rF++ rC+ Will+}
  1796 | D:3      | Found an ornate altar of the Wu Jian Council.
  1891 | D:3      | Found a shimmering altar of Xom.
  1901 | D:3      | Reached skill level 4 in Fighting
  1901 | D:3      | Reached XP level 5. HP: 29/38 MP: 5/5
  2059 | D:3      | Found a sacrificial altar of Ru.
  2072 | D:3      | Reached skill level 5 in Fighting
  2490 | D:3      | Found a hide-covered altar of Uskayaw.
  2702 | D:4      | Gained mutation: You have very sharp fingernails. [demonic
                  | ancestry]
  2702 | D:4      | Reached XP level 6. HP: 21/45 MP: 6/6
  2872 | D:4      | HP: 2/45 [ogre (15)]
  2873 | D:4      | Slain by a water moccasin skeleton

Illustrated notes

Levels and vault maps discovered:
D:1:      roderic_dead_forest, layout_basic, serial_shops, nicolae_shop_crystal,
          shapermc_ecumenical_altar_mp_urbaneastern
D:2:      layout_rooms, kennysheep_big_empty_room, uniq_jessica, uniq_terence
D:3:      layout_loops_corners, nicolae_ru_great_annihilating_truth,
          nicolae_uskayaw_suspiria, dk_xom_monty_hall, amcnicky_altar_gilded,
          serial_shops, nicolae_shop_temple_entry_statues_fountains,
          minmay_checkerbox
D:4:      layout_cave_pools, slow_altar_1, serial_column_ruins,
          column_ruins_pillar_5, column_ruins_pillar_6, column_ruins_pillar_2,
          column_ruins_pillar_1, column_ruins_pillar_7, column_ruins_pillar_12,
          column_ruins_pillar_4, column_ruins_pillar_5, column_ruins_pillar_8,
          column_ruins_pillar_1, column_ruins_pillar_7, column_ruins_pillar_4,
          column_ruins_pillar_7, column_ruins_pillar_4, column_ruins_pillar_2,
          column_ruins_pillar_1, column_ruins_pillar_6, column_ruins_pillar_6,
          serial_bayou_pond_d, uniq_robin

Skill      XL: |  1  2  3  4  5 |
---------------+----------------+-----
Short Blades   | 3 4 |  4.0
Fighting       | 4 5 |  5.5
Throwing       | |  1.7
Dodging        | |  2.6

Action                   |  1- 3 |  4- 6 || total
-------------------------+-------+-------++-------
Melee: Rapier            |    77 |    12 ||    89
       Short sword       |       |    84 ||    84
Invok: Ancestor Life: He |     1 |       ||     1
 Stab: Distracted        |     1 |       ||     1
       Confused          |       |     3 ||     3
Armor: Leather armour    |    18 |    20 ||    38
Dodge: Dodged            |    44 |    50 ||    94

Table legend: (Time is in decaauts)
 A = Elapsed time spent in this place.
 B = Non-inter-level travel time spent in this place.
 C = Inter-level travel time spent in this place.
 D = Time resting spent in this place.
 E = Time spent auto-exploring this place.
 F = Levels seen in this place.
 G = Mean time per level.
                   A        B        C        D        E       F      G
               +--------+--------+--------+--------+--------+-----+--------+
         Total |   2865 |   2807 |     58 |      0 |   2362 |   4 |  716.2 |
       Dungeon |   2865 |   2807 |     58 |      0 |   2362 |   4 |  716.2 |
               +--------+--------+--------+--------+--------+-----+--------+

Top non-repeatable levels by time:
     D:3: 1049 daAuts
     D:2: 824 daAuts
     D:1: 753 daAuts
     D:4: 237 daAuts
